 Dungeon Crawl Stone Soup version 0.30-a0-1075-gcd70e7a56d (webtiles) character file.

Game seed: 818140838947444995

145 AiryTheDragon the Insei (level 5, -2/40 HPs)
             Began as a Draconian Transmuter on Apr 15, 2023.
             Slain by an orc
             ... wielding a +0 club
              (3 damage)
             ... on level 3 of the Dungeon.
             The game lasted 00:41:55 (2161 turns).

AiryTheDragon the Insei (Draconian Transmuter)      Turns: 2161, Time: 00:41:56

Health: -2/40      AC:  5    Str: 11      XL:     5   Next: 6%
Magic:  7/9        EV: 12    Int: 17 (18) God:
Gold:   141        SH:  0    Dex: 11 (12) Spells: 4/10 levels left

rFire   . . .      SeeInvis .    o - +0 trident
rCold   . . .      Faith    +    (no shield)
rNeg    . . .      Spirit   .    (body armour unavailable)
rPois   .          Reflect  .    (helmet currently unavailable)
rElec   .          Rampage  .    (no cloak)
rCorr   .                        (no gloves)
Will    .....                    (boots currently unavailable)
Stlth   +                        b - amulet of faith
HPRegen 0.26/turn                (no ring)
MPRegen 0.11/turn                (no ring)

@: mighty, appendages (expiring), wereblooded
A: horns 2, talons 2, AC +5, unfitting armour, cold-blooded, clever 1
a: End Transformation


You were on level 3 of the Dungeon.
You had temporarily grown beastly horns and talons.
You visited 1 branch of the dungeon, and saw 3 of its levels.

You collected 141 gold pieces.

Inventory:

Hand Weapons
 e - a +0 whip
 i - a +0 short sword
 j - a +0 club
 m - a +0 mace
 o - a +0 trident (weapon)
 q - a +0 sling
 r - a +0 dagger
 v - a +0 short sword
 w - a +0 spear
 z - a +0 dagger
Missiles
 f - 24 stones
 h - 6 curare-tipped darts
 x - a boomerang
Armour
 t - a +0 robe
Jewellery
 b - an amulet of faith (around neck)
Scrolls
 c - 2 scrolls of fog
 g - a scroll of noise
 l - a scroll of amnesia {unknown}
 n - a scroll of magic mapping
 s - 2 scrolls of vulnerability
 u - a scroll of silence {unknown}
 y - a scroll of immolation {unknown}
 A - a scroll of teleportation {unknown}
Potions
 a - a potion of lignification
 d - 2 potions of degeneration
 p - 2 potions of might


   Skills:
 + Level 1.1 Fighting
 + Level 0.2 Maces & Flails
 + Level 1.3 Polearms
 + Level 2.4 Dodging
 + Level 3.4 Unarmed Combat
 + Level 3.1 Spellcasting
 + Level 3.1 Transmutations
 + Level 0.1 Air Magic


You had 4 spell levels left.
You knew the following spells:

 Your Spells              Type           Power      Damage    Failure   Level
a - Beastly Appendage     Tmut           26%        N/A       4%          1
b - Wereblood             Tmut           13%        N/A       7%          2
c - Vhi's Electric Charg  Tloc/Air       4%         N/A       45%         3

Your spell library contained the following spells:

 Spells                   Type           Power      Damage    Failure   Level
 Spider Form              Tmut/Pois      8%         N/A       26%         3
 Ice Form                 Ice/Tmut       8%         N/A       65%         4
 Arcjolt                  Conj/Air       1%         1d11      99%         5
 Maxwell's Capacitive Co  Air            1%         ∞         100%        8


Dungeon Overview and Level Annotations

Branches:
Dungeon (3/15)

Altars:

Shops:
D:2 (


Innate Abilities, Weirdness & Mutations

You have temporarily grown beastly horns and talons.
Your plain brown scales are hard. (AC +5)
You cannot fit into any form of body armour.
You are cold-blooded and may be slowed by cold attacks.
Your mind is acute. (Int +4, Str/Dex -1)


Message History

The orc wizard hits you but does no damage.
You closely miss the orc wizard. Your kick misses the orc wizard.
The orc wizard is heavily wounded.
The orc closely misses you. The orc barely misses you.
The orc wizard hits you but does no damage.
The orc misses you.
You hit the orc wizard but do no damage.
You claw the orc wizard, but do no damage.
Your headbutt misses the orc wizard.
The orc wizard is heavily wounded.
The orc closely misses you. The orc hits you with a +0 club.
The orc wizard hits you with a +0 dagger.
The orc hits you with a +0 short sword.
* * * LOW HITPOINT WARNING * * *
You feel very mighty all of a sudden.
Your transformation is almost over.
The orc hits you from afar with a +0 trident.
* * * LOW HITPOINT WARNING * * *
The orc barely misses you.
The orc wizard hits you with a +0 dagger.
* * * LOW HITPOINT WARNING * * *
The orc barely misses you.
You puncture the orc wizard!
You feel a bit better.
You kill the orc wizard!
The orc closely misses you. The orc completely misses you.
The orc closely misses you.
You feel your intelligence returning.
Your Spellcasting skill increases to level 3!
You have reached level 5!
Okay, then.
You barely miss the orc.
You howl as the wereblood boils in your veins!
The orc hits you from afar with a +0 trident.
* * * LOW HITPOINT WARNING * * *
The orc barely misses you. The orc closely misses you.
The orc barely misses you. The orc closely misses you. The orc misses you.
The orc attacks as you move away! The orc closely misses you.
The orc hits you from afar with a +0 trident.
* * * LOW HITPOINT WARNING * * *
The orc attacks as you move away! The orc hits you with a +0 club.
You die...

###.# # ##### #
##...# #.... #
#....# #..... #
#....# #.....##
#.≈..# ........
#.≈..# .......)
#.≈!.# ....####
##+###.≈o.#.###
###.####
.......@o.......
.......
.........o..####
#######
.......#....# #
#......#....# #
#......#....# #
#.####.#....#
######### #
#......#
#.......# #.
....# #.......#
#.......#


You could see 3 orcs.

Vanquished Creatures
  Jessica (D:3)
  An orc wizard (D:3)
  3 adders (D:3)
  A shadow imp (D:3)
  A worm (D:3)
  2 dart slugs (D:1)
  3 orcs (D:3)
  4 endoplasms
  5 goblins
  4 hobgoblins
  8 jackals (D:2)
  4 kobolds
  3 quokkas
  A ball python (D:1)
  2 bats
  3 frilled lizards
  3 rats
49 creatures vanquished.

Vanquished Creatures (others)
  2 plants (D:2)
2 creatures vanquished.

Grand Total: 51 creatures vanquished

Notes
Turn   | Place    | Note
-------+----------+-------------------------------------------
     0 | D:1      | AiryTheDragon the Draconian Transmuter began the quest for
                  | the Orb.
     0 | D:1      | Reached XP level 1. HP: 16/16 MP: 3/3
   344 | D:1      | Reached XP level 2. HP: 23/23 MP: 3/5
   383 | D:1      | Learned a level 2 spell: Wereblood
   989 | D:2      | Gained mutation: Your mind is acute. (Int +4, Str/Dex -1)
                  | [potion of mutation]
  1119 | D:2      | Reached XP level 3. HP: 28/28 MP: 1/6
  1312 | D:2      | Learned a level 3 spell: Vhi's Electric Charge
  1398 | D:2      | Found Ycuho's Antique Weapon Boutique.
  1690 | D:3      | Reached skill level 1 in Polearms
  1726 | D:3      | Noticed Jessica
  1754 | D:3      | Killed Jessica
  1755 | D:3      | Reached XP level 4. HP: 27/35 MP: 6/8
  2159 | D:3      | Reached XP level 5. HP: 9/40 MP: 7/9
  2160 | D:3      | HP: 1/40 [orc/+0 trident (3)]
  2161 | D:3      | Slain by an orc

Illustrated notes

Levels and vault maps discovered:
D:1:      evilmike_arrival_rings, layout_loops_ring,
          hangedman_abyss_or_decor_lesser_grid, serial_bayou_crossing
D:2:      layout_loops_cross, serial_shops, nicolae_shop_overgrown_old_shop,
          minmay_misc_feat_x
D:3:      layout_basic, mainiacjoe_overflow_boulevard, uniq_jessica

Skill      XL: |  1  2  3  4 |
---------------+-------------+-----
Dodging        | 2 |  2.4
Polearms       | 1 |  1.3
Transmutations | 3 |  3.1
Spellcasting   | 3 |  3.1
Fighting       | |  1.1
Maces & Flails | |  0.2
Unarmed Combat | |  3.4
Air Magic      | |  0.1

Action                     |  1- 3 |  4- 6 || total
---------------------------+-------+-------++-------
  Melee: Whip              |     9 |       ||     9
         Unarmed           |     3 |       ||     3
         Kick              |    12 |     5 ||    17
         Headbutt          |    11 |     2 ||    13
         Tailslap          |     7 |     1 ||     8
         Trident           |    71 |    35 ||   106
         Short sword       |    10 |       ||    10
         Punch             |       |     2 ||     2
   Fire: Sling             |     1 |       ||     1
  Throw: Stone             |     1 |     6 ||     7
         Dart              |     2 |     3 ||     5
   Cast: Beastly Appendage |    26 |     8 ||    34
         Wereblood         |     5 |     5 ||    10
    Use: Potion            |     4 |     1 ||     5
         Scroll            |     4 |     2 ||     6
 Armour: Skin              |    23 |    11 ||    34
  Dodge: Dodged            |    58 |    33 ||    91

Table legend: (Time is in decaauts)
 A = Elapsed time spent in this place.
 B = Non-inter-level travel time spent in this place.
 C = Inter-level travel time spent in this place.
 D = Time resting spent in this place.
 E = Time spent auto-exploring this place.
 F = Levels seen in this place.
 G = Mean time per level.
                   A        B        C        D        E       F      G
               +--------+--------+--------+--------+--------+-----+--------+
         Total |   2197 |   2170 |     27 |      0 |   1419 |   3 |  732.3 |
       Dungeon |   2197 |   2170 |     27 |      0 |   1419 |   3 |  732.3 |
               +--------+--------+--------+--------+--------+-----+--------+

Top non-repeatable levels by time:
     D:1: 898 daAuts
     D:2: 769 daAuts
     D:3: 528 daAuts
